 Dungeon Crawl Stone Soup version 0.16.0 (webtiles) character file.

23 Malgrim the Ruffian (level 2, -1/29 HPs)
             Began as a Troll Berserker on Mar 13, 2015.
             Was a Follower of Trog.
             Slain by a gnoll (8 damage)
             ... on level 2 of the Dungeon.
             The game lasted 00:05:53 (614 turns).

Malgrim the Ruffian (Troll Berserker)                Turns: 614, Time: 00:05:53

Health: -1/29      AC:  5    Str: 24    XL:     2   Next: 72%
Magic:  1/1        EV: 10    Int:  3    God:    Trog [*.....]
Gold:   18         SH:  0    Dex:  9    Spells: 0 memorised, 1 level left

rFire  . . .     SeeInvis .       - Unarmed
rCold  . . .     Clarity  .     b - +0 animal skin
rNeg   . . .     SustAb   .     (shield restricted)
rPois  .         Gourm    +     (helmet restricted)
rElec  .         Spirit   .     (no cloak)
rCorr  .         Warding  .     (gloves unavailable)
rMut   .         Stasis   .     (boots unavailable)
MR     .....                    (no amulet)
Stlth  +.........               (no ring)
                                (no ring)

@: not resistant to hostile enchantments, very unstealthy
A: unfitting armour, claws 3, fast metabolism 3, gourmand, regeneration 2,
shaggy fur 1, tough skin 2
a: Burn Spellbooks, Berserk, Renounce Religion


You were on level 2 of the Dungeon.
You worshipped Trog.
Trog was aware of your devotion.
You were not hungry.

You visited 1 branch of the dungeon, and saw 2 of its levels.

You collected 18 gold pieces.

Inventory:

Hand weapons
 f - a +0 dagger
 g - a +0 club
 h - a +0 short sword
 k - a +0 dagger
 o - a +0 club
 p - a +0 club
 u - a +0 club
 v - a +0 club
 w - a +0 club
Missiles
 c - 13 poisoned bolts
 i - 33 stones (quivered)
 l - 29 arrows
Armour
 b - a +0 animal skin (worn)
 t - a +0 ring mail
 x - a +0 leather armour
 y - a +0 robe
Scrolls
 d - 3 scrolls of recharging {unknown}
 e - 2 scrolls of teleportation {unknown}
 n - 2 scrolls of identify {unknown}
 r - a scroll of random uselessness {unknown}
Potions
 j - a potion of might {unknown}
 m - 3 potions of ambrosia {unknown}
 q - 2 potions of curing {unknown}
Comestibles
 a - 2 meat rations
 s - a beef jerky


   Skills:
 + Level 2.6 Fighting
 + Level 0.1 Throwing
 + Level 1.7 Armour
 + Level 1.9 Dodging
 + Level 0.1 Stealth
 + Level 3.4 Unarmed Combat


You had one spell level left.
You didn't know any spells.

Dungeon Overview and Level Annotations

Branches:
Dungeon (2/15)

Altars:
Okawaru


Innate Abilities, Weirdness & Mutations

You are too large for most types of armour.
You have claws for hands.
Your metabolism is lightning-fast.
You like to eat raw meat.
You heal very quickly.
You are covered in fur (AC +1).
You have very tough skin (AC +2).


Message History

The hobgoblin throws a stone.
The stone barely misses you.
The goblin throws a stone.
The stone barely misses you.
The gnoll throws a stone.
The stone barely misses you.
The gnoll splashes around in the water.
The kobold hits you.
The hobgoblin hits you but does no damage.
There is an open door, spattered with blood here.
You scratch the hobgoblin but do no damage.
The kobold hits you.
The gnoll splashes around in the water.
You scratch the hobgoblin.
You kill the hobgoblin!
Trog accepts your kill.
The gnoll throws a stone.
The stone hits you. The gnoll hits you. The kobold barely misses you.
The hobgoblin barely misses you. The gnoll barely misses you.
The kobold hits you but does no damage. The gnoll hits you.
You see here 5 stones.
You closely miss the gnoll. The hobgoblin hits you.
* * * LOW HITPOINT WARNING * * *
The gnoll hits you!
You die...

### ##_## .≈.≈##
##≈.≈. .≈.≈## #.#
#..##≈.≈.# ...
...#.ggg## ...
#.####.. #K@g.#....
....<#.####(###.....
#.#......##(........
#.##.#....#.........
#.##.#..#.#.(...####
#.##......#..(..#
##.###.##............#
..............#.####.#
##.......#....#..# .#


You could see 2 gnolls, a hobgoblin, a goblin and a kobold.

Vanquished Creatures
  2 bats
  3 goblins (D:1)
  7 hobgoblins
  4 kobolds
  A giant newt (D:1)
  2 rats (D:2)
19 creatures vanquished.

Notes
Turn   | Place    | Note
--------------------------------------------------------------
     0 | D:1      | Malgrim, the Troll Berserker, began the quest for the Orb.
     0 | D:1      | Reached XP level 1. HP: 22/22 MP: 1/1
   217 | D:1      | Reached XP level 2. HP: 29/29 MP: 1/1
   608 | D:2      | Found an iron altar of Okawaru.
   614 | D:2      | Slain by a gnoll

Action                   || total
-------------------------++-------
Melee: Unarmed           ||    37
Throw: Stone             ||    15
  Eat: Chunk             ||     2
       Bread ration      ||     1
